 Dungeon Crawl Stone Soup version 0.28-a0-114-g2bf3c13a2f (webtiles) character file.

Game seed: 7534317934962568841

531 jasper the Magician (level 7, -2/47 HPs)
             Began as a Demonspawn Hedge Wizard on Aug 12, 2021.
             Was a Priest of Yredelemnul.
             Slain by an orc warrior (6 damage)
             ... on level 5 of the Dungeon.
             The game lasted 00:07:24 (5265 turns).

jasper the Magician (Demonspawn Hedge Wizard)       Turns: 5265, Time: 00:07:24

Health: -2/47      AC:  4    Str: 11    XL:     7   Next: 3%
Magic:  17/17      EV: 12    Int: 17    God:    Yredelemnul [***...]
Gold:   162        SH:  4    Dex: 12    Spells: 7/20 levels left

rFire   . . .      SeeInvis .   i - +1 war axe (freeze)
rCold   + . .      Faith    .   (no shield)
rNeg    + . .      Spirit   .   b - +0 robe
rPois   .          Reflect  .   t - +0 helmet
rElec   .          Harm     .   h - +0 cloak
rCorr   .          Rampage  .   (no gloves)
Will    +....                   (no boots)
Stlth   ++........              (no amulet)
HPRegen 0.15/turn               d - ring of positive energy
MPRegen 0.15/turn               n - ring of protection from cold

@: very slightly contaminated
A: large bone plates 1, powered by pain 1, demonic magic 1, strong-willed 1,
screaming 1, MP-powered wands
a: Renounce Religion, Recall Undead Slaves, Injury Mirror, Animate Dead


You were on level 5 of the Dungeon.
You worshipped Yredelemnul.
Yredelemnul was most pleased with you.
You visited 1 branch of the dungeon, and saw 6 of its levels.

You collected 162 gold pieces.

Inventory:

Hand Weapons
 a - a +0 dagger
 e - a +0 rapier
 i - a +1 war axe of freezing (weapon)
 j - a +0 war axe
Missiles
 f - 30 stones
 k - 15 poisoned darts
Armour
 b - a +0 robe (worn)
 c - a +0 hat
 h - a +0 cloak (worn)
 t - a +0 helmet (worn)
 B - a +0 ring mail
Magical Staves
 u - a staff of cold
Jewellery
 d - a ring of positive energy (left hand)
 n - a ring of protection from cold (right hand)
 p - a ring of positive energy
Scrolls
 l - a scroll of fear {unknown}
 m - a scroll of blinking {unknown}
 q - a scroll of enchant armour {unknown}
 r - a scroll of vulnerability {unknown}
 v - a scroll of enchant weapon {unknown}
 w - a scroll of holy word {unknown}
 x - a scroll of summoning {unknown}
 y - a scroll of torment {unknown}
 C - a scroll of amnesia
 D - a scroll of noise {unknown}
Potions
 g - a potion of attraction
 o - a potion of heal wounds
 s - a potion of might {unknown}
 A - a potion of curing {unknown}
 E - a potion of mutation
Miscellaneous
 z - a tin of tremorstones (2/2)


   Skills:
 + Level 0.7 Fighting
 * Level 1.2 Axes
 + Level 0.6 Armour
 + Level 2.0 Dodging
 - Level 1.7 Stealth
 - Level 7.0 Spellcasting
 - Level 1.0 Conjurations
 - Level 1.0 Summonings
 + Level 1.3 Translocations


You had 7 spell levels left.
You knew the following spells:

 Your Spells              Type           Power      Damage    Failure   Level
a - Magic Dart            Conj           36%        1d4       8%          1
b - Call Imp              Summ           9%         N/A       12%         2
c - Blink                 Tloc           N/A        N/A       11%         2
d - Slow                  Hex            5%         N/A       17%         2
e - Conjure Flame         Conj/Fire      7%         6-21      28%         3
f - Mephitic Cloud        Conj/Pois/Air  7%         N/A       30%         3

Your spell library contained the following spells:

 Spells                   Type           Power      Damage    Failure   Level
 Ensorcelled Hibernation  Hex/Ice        10%        N/A       17%         2
 Gell's Gravitas          Tloc           5%         N/A       21%         3
 Teleport Other           Tloc           10%        N/A       21%         3
 Spider Form              Tmut/Pois      2%         N/A       34%         3
 Dispersal                Tloc           5%         N/A       100%        6
 Shadow Creatures         Summ           N/A        N/A       100%        6


Dungeon Overview and Level Annotations

Branches:
Dungeon (6/15)
 Temple: D:4-7

Altars:
Cheibriados
Elyvilon
Yredelemnul
Zin


Innate Abilities, Weirdness & Mutations

You are partially covered in large bone plates. (SH +4)
You sometimes gain a little power by taking damage.
Spells you cast may paralyse adjacent enemies.
You are strong-willed. (Will+)
You occasionally shout uncontrollably at your foes.
You expend magic power (3 MP) to strengthen your wands.


Message History

Confirm with . or Enter, or press ? or * to list all spells.
A beastly little devil appears in a puff of flame.
Malevolent energies surge around you. The orc warrior closely misses you.
You now have 14/17 mp.
Casting: Call Imp (safe; 12% risk of failure)
Confirm with . or Enter, or press ? or * to list all spells.
You miscast Call Imp.
You are very lightly contaminated with residual magic.
Nothing appears to happen.
The orc warrior hits you from afar with a +0 trident.
You take 2 damage, and have 33/47 hp.
You now have 12/17 mp.
The orc warrior hits you with a +0 trident.
You see here a +0 dagger.
You take 3 damage, and have 30/47 hp.
Casting: Call Imp (safe; 12% risk of failure)
Confirm with . or Enter, or press ? or * to list all spells.
You don't know that spell.
Casting: Call Imp (safe; 12% risk of failure)
Confirm with . or Enter, or press ? or * to list all spells.
A beastly little devil appears in a puff of flame.
Malevolent energies surge around you.
The orc warrior suddenly stops moving!
Your crimson imp blinks!
You now have 10/17 mp.
Unknown command.
The helpless orc warrior fails to defend itself.
You hit the orc warrior but do no damage.
The helpless orc warrior fails to defend itself.
You hit the orc warrior but do no damage.
The orc warrior is no longer paralysed.
You block the orc warrior's attack.
You hit the orc warrior. You freeze the orc warrior.
The orc warrior is lightly wounded.
The orc warrior hits you with a +0 trident!
You focus on the pain.
You feel your power returning.
The orc warrior hits you with a +0 trident!
* * * LOW HITPOINT WARNING * * *
You take 27 damage, and have 4/47 hp.
MASSIVE DAMAGE!!
MP restored: 17 The orc warrior hits you with a +0 trident.
You die...
Your body rises from the dead as a mindless zombie.

.... .....#.. #
....##..#.....#. # ...#......
... # ........# ..# # #
#+.#...#.##.##.# #
#..##5##....... ..# #
#......)....# #.# #
.....#...#5#.#####. #.# # ###
#.###o@....... #.# #
##.###.#.#####. #.# #
#...#...... #.# #
#...###############.####
#......... ............
#######..################.####
..........................# #
#######.#################.# #
### ### #


You could see an orc warrior (ally target) and 2 friendly crimson imps.

Vanquished Creatures
  A black bear (D:4)
  A scorpion (D:4)
  An orc priest (D:4)
  A centaur skeleton (D:5)
  A bullfrog skeleton (D:4)
  An iguana (D:5)
  2 orc wizards
  5 adders
  A white imp (D:3)
  2 dart slugs
  9 orcs
  5 ball pythons
  5 bats
  7 endoplasms
  8 giant cockroaches
  9 goblins
  7 hobgoblins
  11 jackals
  A quokka (D:2)
  4 frilled lizards
  9 kobolds
  2 rats
93 creatures vanquished.

Vanquished Creatures (collateral kills)
  A scorpion (D:4)
  A jelly (D:4)
  2 orcs (D:4)
4 creatures vanquished.

Vanquished Creatures (others)
  4 plants (D:3)
4 creatures vanquished.

Grand Total: 101 creatures vanquished

Notes
Turn   | Place    | Note
-------+----------+-------------------------------------------
     0 | D:1      | jasper the Demonspawn Hedge Wizard began the quest for the
                  | Orb.
     0 | D:1      | Reached XP level 1. HP: 13/13 MP: 4/4
    18 | D:1      | You fall into a shaft and drop 1 floor!
   243 | D:1      | Gained mutation: You sometimes gain a little power by
                  | taking damage. [demonic ancestry]
   243 | D:1      | Reached XP level 2. HP: 19/19 MP: 0/6
   567 | D:1      | Found a faded altar of an unknown god.
   639 | D:1      | Became a worshipper of Yredelemnul the Dark
   639 | D:1      | Reached * piety under Yredelemnul
  1062 | D:1      | Reached skill level 4 in Spellcasting
  1148 | D:1      | Reached XP level 3. HP: 22/24 MP: 0/8
  1381 | D:1      | Learned a level 2 spell: Call Imp
  1384 | D:1      | Learned a level 2 spell: Blink
  1387 | D:1      | Learned a level 2 spell: Slow
  1391 | D:1      | Learned a level 3 spell: Conjure Flame
  2743 | D:3      | Reached XP level 4. HP: 30/30 MP: 4/10
  2851 | D:3      | Reached ** piety under Yredelemnul
  3232 | D:3      | Gained mutation: You occasionally shout uncontrollably at
                  | your foes. [potion of mutation]
  3232 | D:3      | Gained mutation: You expend magic power (3 MP) to
                  | strengthen your wands. [potion of mutation]
  3232 | D:3      | Gained mutation: You are strong-willed. (Will+) [potion of
                  | mutation]
  3238 | D:3      | Reached skill level 5 in Spellcasting
  3517 | D:3      | Noticed a scorpion
  3529 | D:4      | Learned a level 3 spell: Mephitic Cloud
  3689 | D:4      | Noticed a scorpion
  3695 | D:4      | Killed a scorpion
  3696 | D:4      | Gained mutation: You are partially covered in large bone
                  | plates. (SH +4) [demonic ancestry]
  3696 | D:4      | Reached XP level 5. HP: 12/35 MP: 7/13
  3978 | D:4      | Reached skill level 6 in Spellcasting
  4148 | D:4      | Gained mutation: Spells you cast may paralyse adjacent
                  | enemies. [demonic ancestry]
  4148 | D:4      | Reached XP level 6. HP: 25/41 MP: 6/15
  4303 | D:4      | Reached *** piety under Yredelemnul
  4625 | D:4      | You fall into a shaft and drop 2 floors!
  4626 | D:6      | Found a snail-covered altar of Cheibriados.
  4629 | D:5      | Entered Level 5 of the Dungeon
  4826 | D:4      | Reached skill level 7 in Spellcasting
  4925 | D:4      | Reached skill level 1 in Translocations
  5085 | D:5      | Reached skill level 1 in Axes
  5162 | D:5      | Reached XP level 7. HP: 47/47 MP: 15/17
  5265 | D:5      | Slain by an orc warrior

Illustrated notes

Levels and vault maps discovered:
D:1:      minmay_arrival_four_houses, layout_basic,
          chequers_ecumenical_altar_grove, st_stairs_3, corexii_hall_statues_l,
          hex_intersection
D:2:      layout_basic
D:3:      minmay_inner_zag, layout_loops_ring, lemuel_tele_altar,
          nicolae_elyvilon_temple_path
D:4:      layout_gridville, eino_tiny_chamber
D:5:      layout_basic, hangedman_decor_clover_reticule
D:6:      layout_loops_cross, lemuel_crystal_altar, cheibriados_altar_1,
          gammafunk_ghost_nasty_kobolds

Skill      XL: |  1  2  3  4  5  6 |
---------------+-------------------+-----
Spellcasting   | 4 5 6 7 |  7.0
Translocations | 1 |  1.3
Dodging        | 2 |  2.0
Axes           | 1 |  1.2
Fighting       | |  0.7
Armour         | |  0.6
Stealth        | |  1.7
Conjurations   | |  1.0
Summonings     | |  1.0

Action                   |  1- 3 |  4- 6 |  7- 9 || total
-------------------------+-------+-------+-------++-------
Melee: Rapier            |    36 |       |       ||    36
       Dagger            |     3 |       |       ||     3
       War axe           |     4 |    86 |     6 ||    96
 Cast: Magic Dart        |   102 |    90 |     1 ||   193
       Call Imp          |       |     9 |     2 ||    11
  Use: Scroll            |     2 |       |       ||     2
       Potion            |       |     3 |       ||     3
 Stab: Distracted        |       |     1 |       ||     1
       Paralysed         |       |    10 |     3 ||    13
Armor: Robe              |    20 |    25 |       ||    45
Dodge: Dodged            |    72 |    67 |     7 ||   146
Block: Other             |       |     6 |     2 ||     8

Table legend: (Time is in decaauts)
 A = Elapsed time spent in this place.
 B = Non-inter-level travel time spent in this place.
 C = Inter-level travel time spent in this place.
 D = Time resting spent in this place.
 E = Time spent auto-exploring this place.
 F = Levels seen in this place.
 G = Mean time per level.
                   A        B        C        D        E       F      G
               +--------+--------+--------+--------+--------+-----+--------+
         Total |   5322 |   5252 |     70 |    716 |   3765 |   6 |  887.0 |
       Dungeon |   5322 |   5252 |     70 |    716 |   3765 |   6 |  887.0 |
               +--------+--------+--------+--------+--------+-----+--------+

Top non-repeatable levels by time:
     D:3: 1391 daAuts
     D:4: 1302 daAuts
     D:1: 1212 daAuts
     D:2: 1184 daAuts
     D:5: 227 daAuts
     D:6: 3 daAuts
